 Dungeon Crawl Stone Soup version 0.17-a0-2109-g117576f (webtiles) character file.

1792 brucemayne the Cleaver (level 9, 0/72 HPs)
             Began as a Hill Orc Berserker on Oct 19, 2015.
             Was a Believer of Trog.
             Shot with an arrow by a centaur warrior (2 damage)
             ... on level 10 of the Dungeon.
             The game lasted 00:10:32 (1779 turns).

brucemayne the Cleaver (Hill Orc Berserker)         Turns: 1779, Time: 00:10:33

Health: 0/72       AC: 12    Str: 21    XL:     9   Next: 9%
Magic:  9/9        EV:  6    Int:  9    God:    Trog [**....]
Gold:   115        SH:  0    Dex: 10    Spells: 0 memorised, 8 levels left

rFire  . . .     SeeInvis .     x - +1 hand axe (holy)
rCold  . . .     Clarity  .     y - +0 plate armour
rNeg   . . .     SustAt   .     (no shield)
rPois  .         Gourm    +     (no helmet)
rElec  .         Spirit   .     (no cloak)
rCorr  .         Warding  .     (no gloves)
rMut   .         Stasis   .     j - +0 pair of boots
MR     .....                    v - amulet of the gourmand
Stlth  ..........               (no ring)
                                u - ring of invisibility

@: not resistant to hostile enchantments, extremely unstealthy
A: no striking features
a: Berserk, Trog's Hand, Burn Spellbooks, Renounce Religion, Evoke Invisibility


You were on level 10 of the Dungeon.
You worshipped Trog.
Trog was pleased with you.
You were not hungry.

You visited 2 branches of the dungeon, and saw 11 of its levels.

You collected 115 gold pieces.

Inventory:

Hand Weapons
 a - a +0 hand axe
 x - a +1 hand axe of holy wrath (weapon)
Armour
 b - a +0 animal skin
 i - a +0 ring mail
 j - a +0 pair of boots (worn)
 k - a +0 chain mail
 y - a +0 plate armour (worn)
Jewellery
 u - a ring of invisibility (left hand)
 v - an amulet of the gourmand (around neck)
Wands
 r - a wand of fire (8)
 w - a wand of flame (23)
 z - a wand of flame (19)
Scrolls
 d - a scroll of magic mapping
 e - 2 scrolls of identify
 h - a scroll of fog {unknown}
 m - 4 scrolls of remove curse
 n - a scroll of recharging {unknown}
 q - a scroll of summoning {unknown}
 A - a scroll of random uselessness {unknown}
Potions
 g - a potion of might {unknown}
 l - a potion of agility
 o - a potion of resistance
 s - a potion of poison {unknown}
 t - a potion of flight {unknown}
Comestibles
 c - 2 bread rations
 f - 2 meat rations


   Skills:
 + Level 4.6 Fighting
 - Level 14.0 Axes
 + Level 3.3 Armour
 - Level 1.5 Dodging


You had 8 spell levels left.
You didn't know any spells.

Dungeon Overview and Level Annotations

Branches:
Dungeon (10/15)            Temple (1/1) D:7
   Lair: D:8-11         Orc: D:9-12

Altars:
Gozag
Makhleb
Nemelex Xobeh
Okawaru
Qazlal
Ru
Sif Muna
Trog
Yredelemnul
Zin
The Shining One


Message History

Unknown command.
Read which item? (? for menu, Esc to quit)
Okay, then.
Drink which item? (? for menu, Esc to quit)
Okay, then.
Use which ability?
You fail to use your ability.
The centaur warrior shoots an arrow.
The arrow completely misses you.
Use which ability?
You fail to use your ability.
The centaur warrior shoots an arrow.
The arrow hits you!
* * * LOW HITPOINT WARNING * * *
Use which ability?
You fail to use your ability.
The centaur warrior shoots an arrow.
The arrow hits you!
* * * LOW HITPOINT WARNING * * *
Use which ability?
You fail to use your ability.
The centaur warrior shoots an arrow.
The arrow hits you.
You die...

#..).)........,,,,,,*
#....(<.#####*,,,,,,***
######.(# *,,,,,,,,,
#..# *,,,,,,,,, #..#
*,>,,,,,,, ###..#
*,******** #....#
*,*,,,,,,,
#..(.######,*,,,,,,,
#..@....<..,*,,,****
#..........,*,,,*
#...?......,*,,,*
##.........,**,,*
#.........,,*,,*
#.........,,*,,****
#.c.......,,*,,,,,,
#.........,,*,,,,,,
*,,********,*,<****


You could see a centaur warrior.

Vanquished Creatures
  The ghost of Skaffen the Destroyer, a novice DgFE (D:9)
  A wraith (D:9)
  A phantom (D:6)
  An orc warrior (D:9)
  A sky beast (D:5)
  An ogre (D:4)
  Blork the orc (D:6)
  A big kobold (D:10)
  A giant frog zombie (D:9)
  4 wights (D:7)
  A hound (D:6)
  An orc priest (D:3)
  2 centaur skeletons (D:6)
  A jelly (D:5)
  2 orc wizards
  A worker ant (D:4)
  2 hound skeletons (D:6)
  An adder (D:5)
  4 gnolls (D:8)
  A shadow imp (D:8)
  3 adder skeletons
  10 orcs
  3 giant cockroaches
  5 goblins
  2 hobgoblins
  5 jackals
  A quokka (D:9)
  3 bats
  5 kobolds
  A rat (D:1)
67 creatures vanquished.

Notes
Turn   | Place    | Note
--------------------------------------------------------------
     0 | D:1      | brucemayne the Hill Orc Berserker began the quest for the Orb.
     0 | D:1      | Reached XP level 1. HP: 19/19 MP: 1/1
   236 | D:1      | Reached XP level 2. HP: 21/26 MP: 2/2
   308 | D:2      | Reached skill level 5 in Axes
   408 | D:3      | Reached ** piety under Trog
   411 | D:3      | Reached XP level 3. HP: 31/31 MP: 3/3
   430 | D:3      | Reached skill level 6 in Axes
   437 | D:3      | Reached XP level 4. HP: 33/39 MP: 4/4
   558 | D:4      | Noticed an ogre
   564 | D:4      | Reached skill level 7 in Axes
   567 | D:4      | Killed an ogre
   567 | D:4      | Reached skill level 8 in Axes
   567 | D:4      | Reached XP level 5. HP: 45/45 MP: 5/5
   617 | D:4      | Reached XP level 6. HP: 51/51 MP: 6/6
   654 | D:5      | Entered Level 5 of the Dungeon
   732 | D:5      | Reached skill level 9 in Axes
   803 | D:6      | Noticed Blork the orc
   818 | D:6      | Killed Blork the orc
   887 | D:6      | Reached skill level 10 in Axes
   887 | D:6      | Reached XP level 7. HP: 13/57 MP: 7/7
  1084 | D:7      | Reached skill level 11 in Axes
  1143 | D:7      | Found a staircase to the Ecumenical Temple.
  1153 | Temple   | Entered the Ecumenical Temple
  1271 | D:8      | Found a bloodstained altar of Trog.
  1272 | D:8      | Found a sacrificial altar of Ru.
  1409 | D:9      | Noticed Skaffen's ghost (novice DgFE)
  1410 | D:9      | Noticed a wraith
  1444 | D:9      | Killed a wraith
  1444 | D:9      | Reached skill level 12 in Axes
  1444 | D:9      | Reached XP level 8. HP: 64/64 MP: 8/8
  1487 | D:9      | Found a deep blue altar of Sif Muna.
  1543 | D:9      | Killed Skaffen's ghost
  1543 | D:9      | Reached skill level 14 in Axes
  1621 | D:9      | Reached XP level 9. HP: 11/71 MP: 9/9
  1739 | D:10     | Entered Level 10 of the Dungeon
  1774 | D:10     | Noticed a centaur warrior
  1778 | D:10     | HP: 2/72 [centaur warrior/arrow (7)]
  1779 | D:10     | Shot with an arrow by a centaur warrior

Vault maps used:
D:1:      minmay_arrival_stair_chambers
D:2:      lemuel_doored_altar
D:3:      cheibriados_altar_wand_db, first_bread, uniq_grinder
D:4:      minitemple, serial_shops, shop_statue
D:5:      minmay_misc_feat_four_crosses, kennysheep_small_circle
D:6:      minmay_misc_feat_chi, uniq_blork_the_orc
D:7:      kennysheep_orc_sif_temple, minmay_temple_entry_trees
D:8:      gammafunk_temple_overflow_pools
D:9:      kennysheep_little_box, hangedman_fish_farm
D:10:     enter_bailey_3, minmay_nine_imps
Temple:   nicolae_temple_x_marks_the_god

Action                   |  1- 3 |  4- 6 |  7- 9 || total
-------------------------+-------+-------+-------++-------
Melee: Hand axe          |    62 |   111 |   139 ||   312
Invok: Berserk           |     1 |     3 |     6 ||    10
       Trog's Hand       |     1 |     4 |     3 ||     8
  Use: Potion            |     2 |       |     2 ||     4
       Scroll            |       |     2 |     2 ||     4
 Stab: Sleeping          |     1 |       |       ||     1
  Eat: Chunk             |       |     4 |     3 ||     7
       Fruit             |       |     1 |       ||     1
       Royal jelly       |       |       |     1 ||     1
       Bread ration      |       |       |     1 ||     1
       Beef jerky        |       |       |     1 ||     1
